 Dungeon Crawl Stone Soup version 0.28.0-53-g5a82cb258f (webtiles) character file.

Game seed: 10987735613144691593

81 GigaChad the Shield-Bearer (level 4, -6/44 HPs)
             Began as a Troll Fighter on Aug 20, 2022.
             Was a Follower of Dithmenos.
             Killed by nerve-wracking pain
             ... invoked by Chadd's ghost
              (14 damage)
             ... on level 3 of the Dungeon.
             The game lasted 00:04:26 (1506 turns).

GigaChad the Shield-Bearer (Troll Fighter)          Turns: 1506, Time: 00:04:27

Health: -6/44      AC:  4    Str: 24    XL:     4   Next: 19%
Magic:  3/3        EV:  8    Int:  6    God:    Dithmenos [*.....]
Gold:   109        SH:  7    Dex:  9    Spells: 3/3 levels left

rFire   . . .      SeeInvis .   a - +0 long sword
rCold   . . .      Faith    .   c - +0 kite shield
rNeg    . . .      Spirit   .   b - +0 robe
rPois   .          Reflect  .   (helmet restricted)
rElec   .          Harm     .   (no cloak)
rCorr   .          Rampage  .   (gloves unavailable)
Will    .....                   (boots unavailable)
Stlth   +.........              (no amulet)
HPRegen 0.94/turn               (no ring)
MPRegen 0.08/turn               (no ring)

@: wreathed by umbra
A: large, unfitting armour, claws 3, regeneration 1, shaggy fur 1, tough skin 1
a: Renounce Religion


You were on level 3 of the Dungeon.
You worshipped Dithmenos.
Dithmenos was aware of your devotion.
You visited 1 branch of the dungeon, and saw 3 of its levels.

You collected 109 gold pieces.

Inventory:

Hand Weapons
 a - a +0 long sword (weapon)
 f - a +2 dagger of draining
Armour
 b - a +0 robe (worn)
 c - a +0 kite shield (worn)
Jewellery
 j - an amulet of faith
Scrolls
 e - a scroll of amnesia {unknown}
 g - a scroll of teleportation {unknown}
 k - a scroll of identify {unknown}
 l - a scroll of magic mapping {unknown}
Potions
 d - a potion of might
 h - a potion of haste {unknown}
 i - a potion of flight {unknown}
 m - a potion of lignification {unknown}


   Skills:
 + Level 2.7 Fighting
 + Level 2.7 Long Blades
 + Level 2.8 Dodging
 + Level 2.9 Shields


You had 3 spell levels left.
You didn't know any spells.
Your spell library contained the following spells:

 Spells                   Type           Power      Damage    Failure   Level
 Apportation              Tloc           0%         N/A       77%         1
 Portal Projectile        Hex/Tloc       0%         N/A       98%         3
 Alistair's Intoxication  Tmut/Pois      0%         N/A       100%        5
 Blade Hands              Tmut           0%         N/A       100%        5
 Excruciating Wounds      Necr           0%         N/A       100%        5


Dungeon Overview and Level Annotations

Branches:
Dungeon (3/15)

Altars:
Dithmenos

Annotations:
D:3 Chadd's ghost, weakling DsNe


Innate Abilities, Weirdness & Mutations

You are too large for most types of armour.
You have claws for hands.
Your natural rate of healing is unusually fast.
You are covered in fur. (AC +1)
You have tough skin. (AC +1)


Message History

Chadd's ghost barely misses you. You block Chadd's ghost's attack.
You barely miss Chadd's ghost.
Chadd's ghost is moderately damaged.
Chadd's ghost casts a spell at you. Pain shoots through your body!
You barely miss Chadd's ghost.
Chadd's ghost is moderately damaged.
Chadd's ghost hits you!
Chadd's ghost hits you but does no damage.
You hit Chadd's ghost but do no damage.
Chadd's ghost is moderately damaged.
Chadd's ghost points at you and mumbles some strange words.
You barely resist. You closely miss Chadd's ghost.
Chadd's ghost is moderately damaged.
You block Chadd's ghost's attack.
You hit Chadd's ghost.
Chadd's ghost is heavily damaged.
You block Chadd's ghost's attack. Chadd's ghost closely misses you.
You completely miss Chadd's ghost.
Chadd's ghost is heavily damaged.
You block Chadd's ghost's attack.
You hit Chadd's ghost.
Chadd's ghost is heavily damaged.
Chadd's ghost hits you.
Chadd's ghost hits you but does no damage.
You miss Chadd's ghost.
Chadd's ghost is heavily damaged.
Chadd's ghost gestures at you while chanting.
Pain shoots through your body!
* * * LOW HITPOINT WARNING * * *
You barely miss Chadd's ghost.
Chadd's ghost is heavily damaged.
Chadd's ghost hits you but does no damage.
You hit Chadd's ghost.
Chadd's ghost is severely damaged.
You block Chadd's ghost's attack. Chadd's ghost casts a spell at you.
Pain shoots through your body!
You die...

##### #.!.# #?≈.#
#.≈.# . #.≈.# ..
#.W.# .?. ##@##
.... #...# .....
#...#
......########.##
...............#
......######..##
...## ##.# . #.##
#..#


You could see Chadd's ghost.

Vanquished Creatures
  2 adders (D:2)
  A worm (D:2)
  A dart slug (D:2)
  An orc (D:2)
  7 ball pythons
  4 bats
  5 endoplasms
  4 giant cockroaches (D:1)
  5 goblins
  4 hobgoblins
  2 jackals (D:1)
  4 quokkas
  3 frilled lizards (D:1)
  5 kobolds
  3 rats (D:2)
51 creatures vanquished.

Notes
Turn   | Place    | Note
-------+----------+-------------------------------------------
     0 | D:1      | GigaChad the Troll Fighter began the quest for the Orb.
     0 | D:1      | Reached XP level 1. HP: 22/22 MP: 0/0
   157 | D:1      | Reached XP level 2. HP: 24/27 MP: 1/1
   438 | D:1      | Reached XP level 3. HP: 36/36 MP: 2/2
   587 | D:1      | Found a faded altar of an unknown god.
   592 | D:1      | Prayed at the altar of an unknown god.
   592 | D:1      | Became a worshipper of Dithmenos the Shadowed
   592 | D:1      | Reached * piety under Dithmenos
  1166 | D:2      | Reached XP level 4. HP: 38/44 MP: 3/3
  1459 | D:3      | Found a runed translucent door.
  1469 | D:3      | Noticed Chadd's ghost (weakling DsNe)
  1506 | D:3      | Killed from afar by Chadd's ghost

Illustrated notes

Levels and vault maps discovered:
D:1:      dpeg_arrival_stone_temple_mockup, layout_loops_ring, serial_glass,
          glass_columns_b, glass_columns_a,
          hellmonk_ecumenical_altar_heavens_door
D:2:      layout_rooms, grunt_ministairs_8, st_stairs_7
D:3:      layout_basic, ebering_ghost_reflecting_pool,
          amcnicky_mini_corridor_feature

Skill      XL: |  1  2 |
---------------+-------+-----
Long Blades    | 2 |  2.7
Fighting       | |  2.7
Dodging        | |  2.8
Shields        | |  2.9

Action                   |  1- 3 |  4- 6 || total
-------------------------+-------+-------++-------
Melee: Long sword        |   123 |    29 ||   152
 Stab: Sleeping          |       |     3 ||     3
Armor: Robe              |    54 |     7 ||    61
Dodge: Dodged            |    88 |     9 ||    97
Block: Kite shield       |    57 |    12 ||    69
